[ AOE2 MATCH · #480245870 ]
UnrankedPersians vs Vietnamese
[ REPLAY ANALYSIS · EXTRACTED FROM THE RECORDED GAME ]
Feudal
—
Castle
—
Imperial
—
| APM avg | 40.9 |
| APM peak | 59 |
| eAPM avg | 10.2 |
| Villagers / military | 10 / 0 |
Focus
⚔️ 16.2% · 🌾 83.8%
Feudal
—
Castle
—
Imperial
—
| APM avg | 23.5 |
| APM peak | 45 |
| eAPM avg | 10.5 |
| Villagers / military | 10 / 0 |
Focus
⚔️ 0.0% · 🌾 100.0%
Feudal
—
Castle
—
Imperial
—
| APM avg | 17.6 |
| APM peak | 31 |
| eAPM avg | 5.1 |
| Villagers / military | 5 / 0 |
Focus
⚔️ 0.0% · 🌾 100.0%
Feudal
—
Castle
—
Imperial
—
| APM avg | 35.4 |
| APM peak | 70 |
| eAPM avg | 10.0 |
| Villagers / military | 14 / 0 |
Focus
⚔️ 10.0% · 🌾 90.0%
Feudal
—
Castle
—
Imperial
—
| APM avg | 41.3 |
| APM peak | 66 |
| eAPM avg | 8.7 |
| Villagers / military | 9 / 0 |
Focus
⚔️ 9.4% · 🌾 90.6%
Feudal
—
Castle
—
Imperial
—
| APM avg | 43.8 |
| APM peak | 70 |
| eAPM avg | 14.4 |
| Villagers / military | 17 / 0 |
Focus
⚔️ 23.3% · 🌾 76.7%
Feudal
—
Castle
—
Imperial
—
| APM avg | 16.2 |
| APM peak | 37 |
| eAPM avg | 6.6 |
| Villagers / military | 6 / 0 |
Focus
⚔️ 34.6% · 🌾 65.4%
Feudal
—
Castle
—
Imperial
—
| APM avg | 47.9 |
| APM peak | 77 |
| eAPM avg | 13.9 |
| Villagers / military | 9 / 0 |
Focus
⚔️ 39.5% · 🌾 60.5%
Match map
Initial resources + every placement click. Lines = walls · curves = elevation contours. ◆ gold · ⬟ stone · ● berries · ✦ relic · ◌ wall gap
Your base
FlyingZipper's base
Justin Case's base
[GDL] turbojj's base
冰美式加浓's base
[GDL] Aleex's base
ql7mt's base
[GDL]Cemento's base
Smoothed initial terrain · ◌ = detected wall gap · hover for details
Inputs per minute
— [GDL] Aníbal - - FlyingZipper
Build order — [GDL] Aníbal
13 actions detected in the replay
| 0:34 | Build | Town Center |
| 1:21 | Build | House |
| 2:45 | Create | Villager (Male) |
| 2:46 | Create | Villager (Male) |
| 3:00 | Create | Villager (Male) |
| 3:00 | Create | Villager (Male) |
| 3:00 | Create | Villager (Male) |
| 3:53 | Create | Villager (Male) |
| 4:24 | Create | Villager (Male) |
| 4:24 | Create | Villager (Male) |
| 4:33 | Build | House |
| 4:55 | Create | Villager (Male) |
| 4:55 | Create | Villager (Male) |
Build order — FlyingZipper
12 actions detected in the replay
| 0:11 | Build | Town Center |
| 2:24 | Build | House |
| 2:51 | Create | Villager (Male) |
| 2:51 | Create | Villager (Male) |
| 2:51 | Create | Villager (Male) |
| 2:51 | Create | Villager (Male) |
| 2:51 | Create | Villager (Male) |
| 4:18 | Create | Villager (Male) |
| 4:18 | Create | Villager (Male) |
| 4:49 | Create | Villager (Male) |
| 4:49 | Create | Villager (Male) |
| 5:05 | Create | Villager (Male) |
Build order — Justin Case
5 actions detected in the replay
| 0:33 | Build | Town Center |
| 1:46 | Build | House |
| 2:22 | Build | House |
| 3:07 | Create | Villager (Male) ×4 |
| 5:01 | Create | Villager (Male) |
Build order — [GDL] turbojj
17 actions detected in the replay
| 0:26 | Build | Town Center |
| 2:34 | Create | Villager (Male) |
| 2:34 | Create | Villager (Male) |
| 2:35 | Create | Villager (Male) |
| 2:35 | Create | Villager (Male) |
| 2:35 | Create | Villager (Male) |
| 3:29 | Research | Loom |
| 3:30 | Create | Villager (Male) |
| 3:31 | Create | Villager (Male) |
| 4:08 | Create | Villager (Male) |
| 4:09 | Create | Villager (Male) |
| 4:39 | Create | Villager (Male) |
| 4:39 | Create | Villager (Male) |
| 5:25 | Build | Lumber Camp |
| 6:03 | Create | Villager (Male) |
| 6:03 | Create | Villager (Male) |
| 6:04 | Create | Villager (Male) |
Build order — 冰美式加浓
13 actions detected in the replay
| 0:12 | Build | Town Center |
| 1:31 | Build | House |
| 3:01 | Create | Villager (Male) |
| 3:01 | Create | Villager (Male) |
| 3:02 | Create | Villager (Male) |
| 3:02 | Create | Villager (Male) |
| 3:03 | Create | Villager (Male) |
| 4:41 | Build | House |
| 4:46 | Create | Villager (Male) |
| 4:46 | Create | Villager (Male) |
| 5:19 | Build | Mill |
| 5:38 | Create | Villager (Male) |
| 5:39 | Create | Villager (Male) |
Build order — [GDL] Aleex
27 actions detected in the replay
| 0:32 | Build | Town Center |
| 2:23 | Build | House |
| 2:43 | Create | Villager (Male) |
| 2:43 | Create | Villager (Male) |
| 2:43 | Create | Villager (Male) |
| 2:44 | Create | Villager (Male) |
| 2:44 | Create | Villager (Male) |
| 3:05 | Build | House |
| 3:35 | Build | House |
| 3:52 | Build | House |
| 4:00 | Create | Villager (Male) |
| 4:00 | Create | Villager (Male) |
| 4:09 | Build | House |
| 4:29 | Create | Villager (Male) |
| 4:29 | Create | Villager (Male) |
| 4:40 | Build | House |
| 4:41 | Build | House |
| 5:06 | Create | Villager (Male) |
| 5:07 | Create | Villager (Male) |
| 5:07 | Create | Villager (Male) |
| 5:07 | Create | Villager (Male) |
| 5:19 | Build | Lumber Camp |
| 5:25 | Create | Villager (Male) |
| 5:25 | Create | Villager (Male) |
| 5:41 | Build | Palisade Wall |
| 5:49 | Create | Villager (Male) |
| 5:49 | Create | Villager (Male) |
Build order — ql7mt
7 actions detected in the replay
| 0:21 | Build | Town Center |
| 1:17 | Build | House |
| 1:20 | Build | House |
| 2:52 | Create | Villager (Male) ×4 |
| 2:53 | Create | Villager (Male) |
| 3:03 | Research | Loom |
| 4:23 | Create | Villager (Male) |
Build order — [GDL]Cemento
13 actions detected in the replay
| 0:27 | Build | Town Center |
| 1:21 | Build | House |
| 3:00 | Create | Villager (Male) |
| 3:00 | Create | Villager (Male) |
| 3:01 | Create | Villager (Male) |
| 3:01 | Create | Villager (Male) |
| 3:01 | Create | Villager (Male) |
| 3:56 | Create | Villager (Male) |
| 5:03 | Build | House |
| 5:05 | Create | Villager (Male) |
| 5:05 | Create | Villager (Male) |
| 5:15 | Build | Mill |
| 5:21 | Create | Villager (Male) |
Match timeline
| 5:06 | ql7mt · resign |
| 5:41 | [GDL] Aleex · wall_segment Palisade Wall x3 |
[ AI ANALYSIS · 1 CREDIT ]
What really happened in this match?
Wolo.gg analyzes every decision: build order, eco, micro, common mistakes by bracket. Personalized analysis on WhatsApp or Discord in 30 seconds.
Civ guide
Persians
Perfil
Jugador #902870